 Dungeon Sprint DCSS version 0.21.1-1-g345015f (webtiles) character file.

445 doot the Nimble (level 6, -1/35 HPs)
             Began as a Spriggan Warper on June 7, 2018.
             Was a Priest of Dithmenos.
             Killed from afar by a rime drake (36 damage)
             ... with a flash freeze
             ... in the Dungeon (Sprint V: "Ziggurat Sprint").
             The game lasted 00:03:47 (442 turns).

doot the Nimble (Spriggan Warper)                    Turns: 442, Time: 00:03:48

Health: -1/35      AC:  2    Str:  7    XL:     6   Next: 72%
Magic:  11/11      EV: 35    Int: 14    God:    Dithmenos [***...]
Gold:   0          SH:  0    Dex: 30    Spells: 4/10 levels left

rFire    . . .     SeeInvis +   a - +9 heavy crossbow "Sniper" {velocity, Acc+∞ SInv}
rCold    . . .     Gourm    .   (shield currently unavailable)
rNeg     . . .     Faith    .   k - +0 robe
rPois    .         Spirit   .   (helmet restricted)
rElec    .         Reflect  .   (no cloak)
rCorr    .         Harm     .   (gloves unavailable)
MR       +....     NoTele   +   (boots unavailable)
Stlth    ++++......             (no amulet)
HPRegen  0.11/turn              n - +6 ring of dexterity
MPRegen  0.12/turn              m - +6 ring of dexterity

@: wreathed by umbra, studying Poison Magic, very quick
A: very small, unfitting armour, see invisible, herbivore, speed 3, slow
metabolism 2
a: Shadow Step, Renounce Religion


You were in the Dungeon.
You worshipped Dithmenos.
Dithmenos was most pleased with you.
You were not hungry.

You visited 1 branch

Inventory:

Hand Weapons
 a - the +9 heavy crossbow "Sniper" (weapon) {velocity, Acc+∞ SInv}
   (You found it in the Dungeon)

   Any bolt fired from it inflicts extra damage.
   It lets you see invisible.
Missiles
 d - 5 tomahawks of dispersal
 H - 998 bolts (quivered)
Armour
 k - a +0 robe (worn)
Jewellery
 m - a +6 ring of dexterity (right hand)
 n - a +6 ring of dexterity (left hand)
 o - a +6 ring of intelligence
 p - a +6 ring of intelligence
 q - a +6 ring of strength
 r - a +6 ring of strength
 L - a ring of the Octopus King {rF+ AC+1 EV+1 Str+1 Int+1 Dex+1}
   (You found it in the Dungeon)

   [ring of protection from fire]

   It affects your AC (+1).
   It affects your evasion (+1).
   It affects your strength (+1).
   It affects your intelligence (+1).
   It affects your dexterity (+1).
   It protects you from fire.
Wands
 s - a wand of disintegration (7)
 t - a wand of iceblast (7)
 u - a wand of acid (7)
Scrolls
 c - 5 scrolls of blinking
 y - 4 scrolls of amnesia
 C - 7 scrolls of fog
 D - a scroll of holy word
 E - 5 scrolls of identify
 F - 5 scrolls of remove curse
 G - 2 scrolls of fear
Potions
 e - 10 potions of curing
 g - 10 potions of heal wounds
 h - 6 potions of haste
 i - 7 potions of magic
 j - 3 potions of berserk rage
 v - 2 potions of brilliance
 w - 2 potions of invisibility
 x - 4 potions of resistance
 z - a potion of experience
 A - 5 potions of agility
 B - 5 potions of might
Books
 b - a book of Spatial Translocations

   Spells                             Type                      Level
   a - Blink                          Translocation                2
   b - Shroud of Golubria             Charms/Translocation         2
   c - Lesser Beckoning               Translocation                3
   d - Gell's Gravitas                Translocation                3
   e - Teleport Other                 Translocation                3
   f - Passage of Golubria            Translocation                4
 I - a manual of Poison Magic
 K - a book of Transfigurations

   Spells                             Type                      Level
   a - Irradiate                      Conjuration/Transmutation    5
   b - Statue Form                    Transmutation/Earth          6
   c - Hydra Form                     Transmutation                6
   d - Dragon Form                    Transmutation                7
 M - a Necronomicon

   Spells                             Type                      Level
   a - Haunt                          Necromancy/Summoning         7
   b - Borgnjor's Revivification      Necromancy                   8
   c - Death's Door                   Charms/Necromancy            8
   d - Infestation                    Necromancy                   8
   e - Necromutation                  Transmutation/Necromancy     8
 N - a book of Power

   Spells                             Type                      Level
   a - Iskenderun's Battlesphere      Conjuration/Charms           5
   b - Venom Bolt                     Conjuration/Poison           5
   c - Bolt of Magma                  Conjuration/Fire/Earth       5
   d - Iron Shot                      Conjuration/Earth            6
   e - Orb of Destruction             Conjuration                  7
   f - Spellforged Servitor           Conjuration/Summoning        7
Miscellaneous
 l - a lightning rod (4/4)
 J - a fan of gales
Comestibles
 f - 7 rations


   Skills:
 + Level 5.0 Fighting
 * Level 6.3 Crossbows
 + Level 2.2 Throwing
 * Level 14.3 Dodging
 + Level 1.6 Stealth
 - Level 1.5 Unarmed Combat
 - Level 2.6 Spellcasting
 + Level 8.0 Translocations


You had 4 spell levels left.
You knew the following spells:

 Your Spells              Type           Power        Failure   Level  Hunger
a - Shroud of Golubria    Chrm/Tloc      ##........   6%          2    ###....
b - Passage of Golubria   Tloc           N/A          8%          4    #####..


Dungeon Overview and Level Annotations

Branches:
Dungeon (1/1)

Altars:
Ashenzari
Cheibriados
Dithmenos
Elyvilon
Fedhas
Gozag
Hepliaklqana
Kikubaaqudgha
Makhleb
Nemelex Xobeh
Okawaru
Qazlal
Ru
Sif Muna
Trog
Uskayaw
Vehumet
Wu Jian
Xom
Yredelemnul
Zin
The Shining One
Beogh
Jiyva
Lugonu

Annotations:
D 1 transporter


Innate Abilities, Weirdness & Mutations

You are very small and have problems with some larger weapons.
You are too small for most types of armour.
You have supernaturally acute eyesight. (SInv)
You are a herbivore.
You cover ground extremely quickly.
You need consume almost no food.


Message History

Welcome to arena 4.
You enter the transporter and appear at another place.
A rime drake, 2 swamp drakes and a steam dragon come into view.
Found four items.
Found a transporter.
Firing (i - inventory. (,) - cycle):
H - 999 bolts (quivered)
Press: ? - help, Shift-Dir - straight line, f - swamp drake
Aim: a swamp drake (resting)
You shoot a bolt. The bolt hits the swamp drake!!
You kill the swamp drake!
Dithmenos accepts your kill.
You now sometimes bleed smoke when heavily injured by enemies.
Your Fighting skill increases to level 5!
Your Crossbows skill increases to level 6!
Your Dodging skill increases to level 14!
Your Translocations skill increases to level 8!
The steam dragon hisses angrily.
The rime drake hisses angrily.
The rime drake breathes ice at you. The flash freeze hits you!
Ouch! That really hurt!
You die...

▓..©..▓..©..▓▓▓▓▓
▓▓▓▓▓▓▓▓▓▓▓▓▓▓
▓..8©8...▓
▓..Dkk...▓
▓...(....▓
▓........▓
▓........▓
▓.▓....▓.▓
▓@..©....▓
▓▓▓▓▓▓▓▓▓▓


You could see a rime drake, a swamp drake and a steam dragon.

Vanquished Creatures
  A porcupine (D)
  A swamp drake (D)
  A bullfrog (D)
  2 scorpions (D)
  A quasit (D)
  An iron imp (D)
  2 river rats (D)
  A white imp (D)
10 creatures vanquished.

Vanquished Creatures (others)
  A spatial maelstrom (D)
1 creature vanquished.

Grand Total: 11 creatures vanquished

Notes
Turn   | Place    | Note
-------+----------+-------------------------------------------
     0 | D        | Found the +6 Majin-Bo {vamp, Archmagi MP+6 Int+6}
     0 | D        | Found the +7 great mace "Firestarter" {inner flame, rF++}
     0 | D        | doot the Spriggan Warper began the quest for the Orb.
     0 | D        | Reached XP level 1. HP: 10/10 MP: 5/5
     0 | D        | Found a blossoming altar of Fedhas.
     1 | D        | Found a transporter.
     1 | D        | Found a viscous altar of Jiyva.
     1 | D        | Found an ancient bone altar of Kikubaaqudgha.
     1 | D        | Found a hazy altar of Hepliaklqana.
     1 | D        | Found a corrupted altar of Lugonu.
     1 | D        | Found an opulent altar of Gozag.
     1 | D        | Found a burning altar of Makhleb.
     4 | D        | Found a stormy altar of Qazlal.
     4 | D        | Found a sacrificial altar of Ru.
     4 | D        | Found an iron altar of Okawaru.
     4 | D        | Found a deep blue altar of Sif Muna.
     4 | D        | Found a sparkling altar of Nemelex Xobeh.
     4 | D        | Found a bloodstained altar of Trog.
     7 | D        | Banished a spatial maelstrom
     9 | D        | Found the +9 heavy crossbow "Sniper" {velocity, Acc+∞ SInv}
     9 | D        | Found the +10 dark maul {crush}
     9 | D        | Found the +15 Maxwell's patent armour {-Cast -Tele rElec MR+ rCorr}
     9 | D        | Found the +18 shield of the Gong {rElec rN+ MR+ EV-5}
     9 | D        | Found the cursed +14 obsidian axe {chop, +Fly SInv *Curse}
     9 | D        | Banished a spatial maelstrom
    11 | D        | Found the +6 shillelagh "Devastator" {shatter}
    11 | D        | Found the +11 plutonium sword {*Contam Stlth-}
    11 | D        | Found the +8 lance "Wyrmbane" {slay drac, rPois rF+ rC+ AC+3}
    11 | D        | Found the +9 sword of Zonguldrok {reap}
    11 | D        | Found the cursed +13 scythe of Curses {drain, *Curse}
    11 | D        | Found the +0 sword of Power
    11 | D        | Found the +11 mace of Variability {chaos}
    11 | D        | Found the +7 Singing Sword
    11 | D        | Found the +7 longbow "Piercer" {penet, EV-2}
    78 | D        | Became a worshipper of Dithmenos the Shadowed
    92 | D        | Entered arena 2.
    92 | D        | Noticed a scorpion
    92 | D        | Noticed a scorpion
    92 | D        | Found a transporter.
    94 | D        | Killed a scorpion
    94 | D        | Reached skill level 8 in Dodging
    94 | D        | Reached XP level 2. HP: 16/16 MP: 6/6
    94 | D        | Reached XP level 3. HP: 19/19 MP: 8/8
    96 | D        | Killed a scorpion
    96 | D        | Reached skill level 10 in Dodging
    96 | D        | Reached XP level 4. HP: 8/24 MP: 9/9
   378 | D        | Entered arena 3.
   378 | D        | Found a transporter.
   379 | D        | Found the +10 morningstar "Eos" {elec, Halo rElec}
   380 | D        | Reached * piety under Dithmenos
   380 | D        | Reached skill level 11 in Dodging
   381 | D        | Reached XP level 5. HP: 29/29 MP: 10/10
   398 | D        | Learned a level 2 spell: Shroud of Golubria
   403 | D        | Learned a level 4 spell: Passage of Golubria
   405 | D        | Entered arena 4.
   405 | D        | Noticed a porcupine
   405 | D        | Found a transporter.
   406 | D        | Found the ring of the Octopus King {rF+ AC+1 EV+1 Str+1 Int+1 Dex+1}
   408 | D        | Reached ** piety under Dithmenos
   408 | D        | Reached skill level 5 in Crossbows
   408 | D        | Reached skill level 12 in Dodging
   408 | D        | Reached skill level 1 in Stealth
   408 | D        | Reached skill level 5 in Translocations
   410 | D        | Killed a porcupine
   410 | D        | Reached skill level 13 in Dodging
   410 | D        | Reached XP level 6. HP: 34/34 MP: 11/11
   429 | D        | Got a ring of the Octopus King {rF+ AC+1 EV+1 Str+1 Int+1 Dex+1}
   438 | D        | Entered arena 5.
   438 | D        | Noticed a steam dragon
   438 | D        | Noticed a rime drake
   438 | D        | Noticed a swamp drake
   438 | D        | Noticed a swamp drake
   438 | D        | Found a transporter.
   442 | D        | Killed a swamp drake
   442 | D        | Reached *** piety under Dithmenos
   442 | D        | Reached skill level 5 in Fighting
   442 | D        | Reached skill level 14 in Dodging
   442 | D        | Killed from afar by a rime drake

Skill      XL: |  1  2  3  4  5  6 |
---------------+-------------------+-----
Fighting       | 2 3 4 5 |  5.0
Crossbows      | 3 4 5 6 |  6.3
Dodging        | 8 10 11 13 14 | 14.3
Stealth        | 1 |  1.6
Translocations | 6 8 |  8.0
Throwing       | 2 |  2.2
Unarmed Combat | |  1.5
Spellcasting   | |  2.6

Action                   |  1- 3 |  4- 6 || total
-------------------------+-------+-------++-------
 Fire: Heavy crossbow    |     4 |    12 ||    16
Dodge: Dodged            |     5 |    22 ||    27
